AoeStats
← Horizon

Arena

509593259Analyzed
4v4 RM · 5d ago on Sep 27, 2026· 14m 26s· 8 players
Game mode
Random Map
Map size
Large (8 player)
Population
200
Speed
Normal
Resources
Standard
Victory
Conquest
Starting age
Dark Age
Ending age
Imperial Age
RankedLock teamsTeams togetherTeam positionsShared explorationLock speedFull tech treeHidden civsTurbo modeCheats
Victory
Defeat
🇨🇳 Khmer · China
1551
+8
🇦🇷 Persians · Argentina
1542
+8
🇵🇰 Teutons · Pakistan
1495
+10
🇫🇷 Mongols · France
1484
+10
🇦🇷 Bohemians · Argentina
1381
-10
🇨🇳 Huns · China
1370
-10
🇵🇱 Britons · Poland
1331
-8
🇹🇼 Portuguese · Taiwan
1330
-8
CloudNood
10:58 Feudal Age
12:31 Double-Bit Axe
12:50 Horse Collar
15:19 Castle Age
iAlejandrouae
7:48 Feudal Age
7:14 Loom
9:17 Fletching
14:29 Town Watch
Horizon
1:57 Loom
5:38 Loom
8:30 Feudal Age
9:41 Town Watch
10:34 Fletching
歪歪老登
10:36 Feudal Age
13:36 Castle Age
11:36 Double-Bit Axe
13:46 Horse Collar
14:56 Bow Saw
Borowik
10:12 Feudal Age
12:04 Loom
14:45 Castle Age
seba_aof
11:19 Feudal Age
12:07 Loom
小农民
8:53 Feudal Age
14:52 Castle Age
alex1993327
0:29 Loom
14:31 Feudal Age
Connection lost

Rejoining the realm…

Still unreachable

The connection could not be restored.

Session expired

The server has moved on; the page needs a fresh start.